 Dungeon Crawl Stone Soup version 0.20-a0-672-gd6c3c51 (webtiles) character file.

86 retryentry the Ruffian (level 4, -4/35 HPs)
             Began as a Demonspawn Fighter on Feb 17, 2017.
             Killed by divine providence
             ... invoked by an orc priest
              (16 damage)
             ... on level 3 of the Dungeon.
             The game lasted 00:02:46 (1585 turns).

retryentry the Ruffian (Demonspawn Fighter)         Turns: 1585, Time: 00:02:47

Health: -4/35      AC:  8    Str: 16    XL:     4   Next: 26%
Magic:  4/4        EV:  6    Int: 10    God:
Gold:   148        SH:  8    Dex: 13    Spells: 3/3 levels left

rFire    + + .     SeeInvis .     - Unarmed
rCold    x . .     Gourm    .   e - +0 fire dragon scales
rNeg     . . .     Faith    .   c - +0 shield
rPois    .         Spirit   .   (no helmet)
rElec    .         Reflect  .   (no cloak)
rCorr    .         Harm     .   (no gloves)
MR       .....                  (no boots)
Stlth    ..........             (no amulet)
Regen    0.2/turn               (no ring)
MPRegen  0.1/turn               (no ring)

@: drained
A: claws 1
a: no special abilities


You were on level 3 of the Dungeon.
You were not hungry.

You visited 1 branch of the dungeon, and saw 3 of its levels.

You collected 148 gold pieces.

Inventory:

Armour
 c - a +0 shield (worn)
 e - +0 fire dragon scales (worn)
Wands
 q - a wand of iceblast (4/15)
Scrolls
 j - a scroll of fog {unknown}
 k - 3 scrolls of identify {unknown}
 l - a scroll of magic mapping {unknown}
 r - a scroll of immolation {unknown}
 s - a scroll of fear {unknown}
 t - a scroll of remove curse {unknown}
Potions
 d - a potion of might
 g - a potion of heal wounds {unknown}
 h - a potion of curing {unknown}
 i - a potion of mutation {unknown}
 n - a potion of lignification {unknown}
 o - a potion of resistance {unknown}
 p - a potion of berserk rage {unknown}
Books
 m - a book of Misfortune

   Spells                             Type                      Level
   a - Confusing Touch                Hexes                        1
   b - Confuse                        Hexes                        3
   c - Gell's Gravitas                Hexes/Translocation          3
   d - Petrify                        Transmutation/Earth          4
   e - Metabolic Englaciation         Hexes/Ice                    5
   f - Yara's Violent Unravelling     Hexes/Transmutation          5
Comestibles
 a - 4 chunks of flesh
 b - 2 meat rations
 f - 2 bread rations


   Skills:
 - Level 3.0(2.0) Fighting
   Level 2.4(1.5) Axes
 - Level 2.6(1.7) Armour
 - Level 2.6(1.7) Shields
 + Level 3.1(2.1) Unarmed Combat


You had 3 spell levels left.
You didn't know any spells.

Dungeon Overview and Level Annotations

Branches:
Dungeon (3/15)

Altars:


Innate Abilities, Weirdness & Mutations

You have sharp fingernails.


Message History

Your shield and fire dragon scales prevent you from hitting the orc priest.
The orc priest is lightly wounded.
The orc priest hits you but does no damage.
You scratch the orc priest.
The orc priest is heavily wounded.
You block the orc priest's attack.
You barely miss the orc priest.
The orc priest is heavily wounded.
The orc priest hits you but does no damage.
You scratch the orc priest.
The orc priest is severely wounded.
The orc priest begins to cast a cantrip, but forgets the words!
You closely miss the orc priest.
The orc priest is severely wounded.
The orc priest hits you but does no damage.
You closely miss the orc priest.
The orc priest is severely wounded.
The orc priest calls down the wrath of Beogh upon you.
Beogh smites you!
You die...

.........# ..##
....####.# #.[..
#### ##.# ...# #
##..###...#.#
#.#..........
##...........
#รท.......... #
#.###........
o..o. #@#...###
.....###o....#
#.####....##...#
# #.#.## ####
..#. ####


You could see an orc priest.

Vanquished Creatures
  A jelly (D:3)
  An adder (D:2)
  A worm (D:2)
  4 bats
  11 giant cockroaches
  6 goblins
  3 hobgoblins (D:2)
  A quokka (D:2)
  A ball python (D:2)
  3 frilled lizards
  5 kobolds
  9 rats
  3 toadstools (D:1)
49 creatures vanquished.

Vanquished Creatures (others)
  A toadstool (D:1)
1 creature vanquished.

Grand Total: 50 creatures vanquished

Notes
Turn   | Place    | Note
-------+----------+-------------------------------------------
     0 | D:1      | retryentry the Demonspawn Fighter began the quest for the Orb.
     0 | D:1      | Reached XP level 1. HP: 18/18 MP: 1/1
   155 | D:1      | Gained mutation: You have sharp fingernails. [demonic ancestry]
   155 | D:1      | Reached XP level 2. HP: 22/24 MP: 2/2
   362 | D:1      | Reached skill level 1 in Unarmed Combat
   866 | D:2      | Reached XP level 3. HP: 21/29 MP: 3/3
  1530 | D:3      | Reached XP level 4. HP: 30/35 MP: 4/4
  1585 | D:3      | Killed from afar by an orc priest

Vault maps used:
D:1:      ldierk_water_garden
D:2:      minmay_roachtagon, grunt_ministairs_14
D:3:      chequers_ecumenical_altar_simple_redux, uniq_iyjb, uniq_jessica

Skill      XL: |  1  2  3 |
---------------+----------+-----
Axes           | 2 |  2.4
Unarmed Combat | 1 3 |  3.1
Fighting       | |  3.0
Armour         | |  2.6
Shields        | |  2.6

Action                   |  1- 3 |  4- 6 || total
-------------------------+-------+-------++-------
Melee: War axe           |    27 |       ||    27
       Unarmed           |   178 |    24 ||   202
Evoke: Wand              |     2 |       ||     2
  Eat: Chunk             |     2 |     1 ||     3
Armor: Fire dragon scale |   112 |    10 ||   122
Dodge: Dodged            |    68 |       ||    68
Block: Shield            |    93 |     9 ||   102
